 Dungeon Crawl Stone Soup version 0.26-a0-540-g8a0c9464d7 (webtiles) character file.

Game seed: 5149226803656240693

237 Lanoc the Slasher (level 5, -4/47 HPs)
             Began as a Minotaur Delver on Aug 16, 2020.
             Was an Initiate of Nemelex Xobeh.
             Killed from afar by an orc wizard (9 damage)
             ... with a magic dart
             ... on level 4 of the Dungeon.
             The game lasted 00:02:08 (392 turns).

Lanoc the Slasher (Minotaur Delver)                  Turns: 392, Time: 00:02:09

Health: -4/47      AC:  3    Str: 16    XL:     5   Next: 77%
Magic:  4/4        EV: 13    Int:  7    God:    Nemelex Xobeh [......]
Gold:   49         SH:  0    Dex: 13    Spells: 4/4 levels left

rFire    . . .     SeeInvis .   a - +0 falchion
rCold    . . .     Faith    .   (no shield)
rNeg     . . .     Spirit   .   b - +0 leather armour
rPois    .         Reflect  .   (helmet restricted)
rElec    .         Harm     .   (no cloak)
rCorr    .                      (no gloves)
MR       .....                  (no boots)
Stlth    ++........             (no amulet)
HPRegen  0.15/turn              (no ring)
MPRegen  0.09/turn              (no ring)

@: no status effects
A: retaliatory headbutt, horns 2
a: Draw Escape, Draw Destruction, Draw Summoning, Renounce Religion


You were on level 4 of the Dungeon.
You worshipped Nemelex Xobeh.
Nemelex Xobeh was noncommittal.
You visited 1 branch of the dungeon, and saw 2 of its levels.

You collected 49 gold pieces.

Inventory:

Hand Weapons
 a - a +0 falchion (weapon)
Armour
 b - a +0 leather armour (worn)
Wands
 f - a wand of flame (18)
 g - a wand of digging (3)
Scrolls
 c - a scroll of fog
 d - a scroll of magic mapping
 e - a scroll of fear
 h - 2 scrolls of identify {unknown}


   Skills:
 + Level 4.7 Fighting
 * Level 5.0 Long Blades
 + Level 2.7 Armour
 + Level 3.5 Dodging
 - Level 4.1 Stealth


You had 4 spell levels left.
You didn't know any spells.
Your spell library was empty.

Dungeon Overview and Level Annotations

Branches:
Dungeon (5/15)
 Temple: D:4-7

Altars:
Nemelex Xobeh
Trog


Innate Abilities, Weirdness & Mutations

You reflexively headbutt those who attack you in melee.
You have a pair of horns on your head.


Message History

You hit the orc wizard.
The orc wizard is severely wounded.
The orc wizard hits you with a +0 dagger.
* * * LOW HITPOINT WARNING * * *
The orc wizard closely misses you.
You riposte.
You hit the orc wizard.
The orc wizard is severely wounded.
You draw a card...
You have drawn the Orb.
Press: ? - help, Shift-Dir - straight line, f/p - orc wizard
Aim: an orc wizard, wielding a +0 dagger and wearing a +0 robe of magic resistance (severely wounded)
Your orb of destruction hits a rock wall.
The wavering orb of destruction weakly hits the orc wizard but does no damage.
The orc wizard is severely wounded.
Your orb of destruction hits a tree.
Your orb of destruction hits a rock wall.
The orc wizard barely misses you. The orc wizard casts a spell at you.
The magic dart hits you!
You die...
Your body disappears without a glow.

#########♣♣
#).o@○≈≈♣P♣≈
#†.☼♣♣♣≈≈≈≈≈≈
#)*o≈≈≈≈≈≈P≈≈
#.)P≈≈♣≈≈♣≈≈≈
#♣≈≈≈≈≈≈≈≈≈≈≈
♣≈P≈≈≈≈≈≈≈≈≈≈
♣PP≈≈≈≈≈≈≈≈≈ #####
♣≈≈≈≈P≈≈≈≈≈≈
###⌠#⌠####..♣≈≈≈≈≈≈≈≈≈≈


You could see 2 orc wizards.

Vanquished Creatures
  A centaur (D:4)
  2 adders
  A ball python (D:4)
  A bat (D:4)
  A quokka (D:5)
6 creatures vanquished.

Vanquished Creatures (collateral kills)
  Dowan (D:4)
  A hound (D:4)
2 creatures vanquished.

Vanquished Creatures (others)
  Duvessa (D:4)
  A plant (D:4)
2 creatures vanquished.

Grand Total: 10 creatures vanquished

Notes
Turn   | Place    | Note
-------+----------+-------------------------------------------
     0 | D:5      | Lanoc the Minotaur Delver began the quest for the Orb.
     0 | D:5      | Reached XP level 1. HP: 19/19 MP: 0/0
    11 | D:5      | Reached XP level 2. HP: 27/27 MP: 1/1
    18 | D:4      | Noticed a centaur
    26 | D:4      | Killed a centaur
    26 | D:4      | Reached skill level 4 in Long Blades
    26 | D:4      | Reached skill level 1 in Armour
    26 | D:4      | Reached XP level 3. HP: 23/33 MP: 2/2
    26 | D:4      | Reached XP level 4. HP: 28/40 MP: 3/3
   169 | D:4      | Found a bloodstained altar of Trog.
   261 | D:4      | Found a sparkling altar of Nemelex Xobeh.
   265 | D:4      | Noticed Dowan
   265 | D:4      | Noticed Duvessa
   273 | D:4      | Became a worshipper of Nemelex Xobeh the Trickster
   290 | D:4      | Received a gift from Nemelex Xobeh
   312 | D:4      | HP: 1/41 [Duvessa/+0 short sword (8)]
   313 | D:4      | Killed Duvessa
   313 | D:4      | Reached XP level 5. HP: 1/47 MP: 4/4
   315 | D:4      | Killed Dowan
   315 | D:4      | Reached skill level 5 in Long Blades
   392 | D:4      | Killed from afar by an orc wizard

Illustrated notes

Levels and vault maps discovered:
D:4:      layout_loops_cross, nemelex_xobeh_ov_fountains_minmay,
          lightli_temple_of_fire, serial_bayou_lake_a, uniq_duvessa,
          uniq_menkaure, uniq_crazy_yiuf_cottage, uniq_robin
D:5:      layout_basic, grunt_dithmenos_smoke, overflow_temple_1_default,
          minmay_temple_entry_mini_moons, serial_shops, nicolae_shop_stone,
          uniq_eustachio, uniq_grinder

Skill      XL: |  1  2  3  4  5 |
---------------+----------------+-----
Fighting       | 4 |  4.7
Long Blades    | 4 5 |  5.0
Armour         | 1 2 |  2.7
Dodging        | 3 |  3.5
Stealth        | |  4.1

Action                   |  1- 3 |  4- 6 || total
-------------------------+-------+-------++-------
Melee: Falchion          |     7 |    22 ||    29
       Headbutt          |     1 |     8 ||     9
Invok: Draw Destruction  |       |    10 ||    10
       Draw Summoning    |       |     1 ||     1
  Use: Potion            |       |     2 ||     2
 Stab: Sleeping          |     2 |       ||     2
Armor: Leather armour    |       |     4 ||     4
Dodge: Dodged            |     4 |    13 ||    17
       Rpst.: Falchion   |       |     3 ||     3

Table legend: (Time is in decaauts)
 A = Elapsed time spent in this place.
 B = Non-inter-level travel time spent in this place.
 C = Inter-level travel time spent in this place.
 D = Time resting spent in this place.
 E = Time spent auto-exploring this place.
 F = Levels seen in this place.
 G = Mean time per level.
                   A        B        C        D        E       F      G
               +--------+--------+--------+--------+--------+-----+--------+
         Total |    382 |    382 |      0 |     53 |    223 |   2 |  191.0 |
       Dungeon |    382 |    382 |      0 |     53 |    223 |   2 |  191.0 |
               +--------+--------+--------+--------+--------+-----+--------+

Top non-repeatable levels by time:
     D:4: 364 daAuts
     D:5: 18 daAuts
